 Dungeon Crawl Stone Soup version 0.27-a0-650-g8dd3ea4f36 (webtiles) character file.

Game seed: 4796767276434643028

49 snetch the Skirmisher (level 3, -6/34 HPs)
             Began as a Minotaur Berserker on Mar 15, 2021.
             Was a Believer of Trog.
             Killed by divine providence
             ... invoked by an orc priest
              (8 damage)
             ... on level 3 of the Dungeon.
             The game lasted 00:02:05 (602 turns).

snetch the Skirmisher (Minotaur Berserker)           Turns: 602, Time: 00:02:05

Health: -6/34      AC:  5    Str: 22    XL:     3   Next: 53%
Magic:  2/2        EV: 11    Int:  4    God:    Trog [**....]
Gold:   7          SH:  0    Dex:  9    Spells: 2/2 levels left

rFire    . . .     SeeInvis .   a - +0 hand axe
rCold    . . .     Faith    .   (no shield)
rNeg     . . .     Spirit   .   g - +0 ring mail
rPois    .         Reflect  .   (helmet restricted)
rElec    .         Harm     .   (no cloak)
rCorr    .         Rampage  .   (no gloves)
Will     .....                  (no boots)
Stlth    ..........             (no amulet)
HPRegen  0.11/turn              (no ring)
MPRegen  0.08/turn              (no ring)

@: no status effects
A: horns 2, retaliatory headbutt
a: Renounce Religion, Berserk, Trog's Hand


You were on level 3 of the Dungeon.
You worshipped Trog.
Trog was pleased with you.
You visited 1 branch of the dungeon, and saw 3 of its levels.

You collected 7 gold pieces.

Inventory:

Hand Weapons
 a - a +0 hand axe (weapon)
Missiles
 d - 6 stones
Armour
 g - a +0 ring mail (worn)
Scrolls
 b - a scroll of magic mapping {unknown}
 h - 2 scrolls of amnesia {unknown}
Potions
 c - a potion of degeneration {unknown}
 e - a potion of attraction {unknown}
 f - a potion of mutation {unknown}


   Skills:
 + Level 4.5 Fighting
 + Level 4.4 Axes
 + Level 2.6 Armour
 + Level 2.5 Dodging
 + Level 0.3 Stealth


You had 2 spell levels left.
You didn't know any spells.
Your spell library was empty.

Dungeon Overview and Level Annotations

Branches:
Dungeon (3/15)

Altars:


Innate Abilities, Weirdness & Mutations

You have a pair of horns on your head.
You reflexively headbutt those who attack you in melee.


Message History

You hit the orc priest.
You headbutt the orc priest, but do no damage.
The orc priest is heavily wounded.
The orc priest hits you with a +0 flail!
You hit the orc priest but do no damage.
The orc priest is heavily wounded.
The orc priest hits you with a +0 flail.
You barely miss the orc priest.
The orc priest is heavily wounded.
You barely miss the orc. Your headbutt misses the orc.
You hit the orc priest but do no damage.
The orc priest hits you with a +0 flail!
* * * LOW HITPOINT WARNING * * *
The orc hits you but does no damage.
The orc priest hits you with a +0 flail.
* * * LOW HITPOINT WARNING * * *
You hit the orc. Your headbutt misses the orc.
The orc is moderately wounded.
You barely miss the orc priest.
Unknown command.
You barely miss the orc priest.
The orc priest is heavily wounded.
You hit the orc.
Unknown command.
You hit the orc priest but do no damage.
You headbutt the orc priest, but do no damage.
The orc priest is heavily wounded.
You barely miss the orc. The orc hits you but does no damage.
The orc priest barely misses you. You furiously retaliate!
You headbutt the orc priest.
Unknown command.
You hit the orc priest but do no damage.
Your headbutt misses the orc priest.
The orc priest is almost dead.
Your ring mail prevents you from hitting the orc.
The orc hits you with a +0 club.
* * * LOW HITPOINT WARNING * * *
The orc priest mumbles some strange prayers to Beogh against you.
Beogh smites you!
You die...

##.##.#.#.#.##.#.##..
#....#.............
#.##.#.#.##.###.##...
+.##.................
#.##.#.##.###.####.#.
#.#.##.###.####.#
................#
##...######.#.#..#.#
##+## #.o@o....#
###.###### #.# #.#
#.# #.# #.# #.#


You could see an orc priest and an orc.

Vanquished Creatures
  An adder (D:3)
  2 worms (D:3)
  3 leopard geckos
  A giant cockroach (D:1)
  8 goblins
  3 hobgoblins
  3 jackals (D:1)
  3 kobolds
  3 bats
  2 rats (D:1)
29 creatures vanquished.

Notes
Turn   | Place    | Note
-------+----------+-------------------------------------------
     0 | D:1      | snetch the Minotaur Berserker began the quest for the Orb.
     0 | D:1      | Reached XP level 1. HP: 19/19 MP: 0/0
   196 | D:1      | Reached XP level 2. HP: 26/27 MP: 1/1
   414 | D:2      | Reached ** piety under Trog
   445 | D:3      | Reached XP level 3. HP: 30/33 MP: 2/2
   602 | D:3      | Killed from afar by an orc priest

Illustrated notes

Levels and vault maps discovered:
D:1:      evilmike_arrival_crescent, layout_basic, minmay_tromino_v4_a
D:2:      lemuel_upstairs_altar, layout_rooms, lemuel_crystal_altar,
          lemuel_zombie_altar_kikubaaqudgha, marbit_many_paths, serial_glass,
          glass_columns_a, glass_columns_b, uniq_crazy_yiuf_cottage
D:3:      layout_loops_corners, minmay_diced_spiral

Skill      XL: |  1  2 |
---------------+-------+-----
Fighting       | 4 |  4.5
Axes           | 4 |  4.4
Armour         | |  2.6
Dodging        | |  2.5
Stealth        | |  0.3

Action                   || total
-------------------------++-------
Melee: Hand axe          ||    60
       Headbutt          ||    16
Invok: Berserk           ||     1
Armor: Ring mail         ||    12
       Animal skin       ||     3
Dodge: Dodged            ||    42

Table legend: (Time is in decaauts)
 A = Elapsed time spent in this place.
 B = Non-inter-level travel time spent in this place.
 C = Inter-level travel time spent in this place.
 D = Time resting spent in this place.
 E = Time spent auto-exploring this place.
 F = Levels seen in this place.
 G = Mean time per level.
                   A        B        C        D        E       F      G
               +--------+--------+--------+--------+--------+-----+--------+
         Total |    619 |    619 |      0 |      0 |    447 |   3 |  206.3 |
       Dungeon |    619 |    619 |      0 |      0 |    447 |   3 |  206.3 |
               +--------+--------+--------+--------+--------+-----+--------+

Top non-repeatable levels by time:
     D:1: 365 daAuts
     D:3: 193 daAuts
     D:2: 59 daAuts
